 Dungeon Crawl Stone Soup version 0.32-a0-711-g016ad74 (webtiles) character file.

Game seed: 8844130412012478784

13649 PidgeyThePirate the Skirmisher (level 12, -5/96 HPs)
             Began as a Coglin Hunter on Mar 15, 2024.
             Was a Believer of Uskayaw.
             Slain by a large slime creature (20 damage)
             ... on level 12 of the Dungeon.
             The game lasted 00:27:08 (11589 turns).

PidgeyThePirate the Skirmisher (Coglin Hunter)     Turns: 11589, Time: 00:27:09

Health: -5/96      AC: 14    Str: 15    XL:     12   Next: 8%
Magic:  12/12      EV: 11    Int: 10    God:    Uskayaw [**....]
Gold:   583        SH:  0    Dex: 18    Spells: 11/11 levels left

rFire   . . .        a - +2 sling {Imgur-Sin}
rCold   . . .        h - +0 hand cannon (freeze) {Haeun}
rNeg    . . .        G - +1 swamp dragon scales
rPois   +            x - +0 helmet
rElec   .            p - scarf {+Inv}
rCorr   .            z - +0 pair of gloves
SInv    .            s - +0 pair of boots
Will    .....        (amulet unavailable)
Stlth   +            (ring unavailable)
HPRegen 0.36/turn    (ring unavailable)
MPRegen 0.13/turn    (no gizmo)

%: random rage (3%)
@: revving
A: off-hand wielding, slow wielding, warmup strikes, no jewellery, iridescent
scales 1, berserk 1
a: Invent Gizmo, Renounce Religion, Evoke Invisibility, Stomp, Line Pass


You were on level 12 of the Dungeon.
You worshipped Uskayaw.
Uskayaw was noncommittal.
You visited 2 branches of the dungeon, and saw 13 of its levels.
You also visited: Bailey.

You collected 670 gold pieces.
You spent 87 gold pieces at shops.

Inventory:

Hand Weapons
 a - a +2 sling (weapon) {Imgur-Sin}
 h - a +0 hand cannon of freezing (offhand) {Haeun}
Missiles
 l - 5 throwing nets
Armour
 e - a +2 leather armour of fire resistance
 p - a scarf of invisibility (worn)
 s - a +0 pair of boots (worn)
 x - a +0 helmet (worn)
 z - a +0 pair of gloves (worn)
 G - +1 swamp dragon scales (worn)
Wands
 A - a wand of polymorph (1)
 B - a wand of flame (21)
 E - a wand of paralysis (6)
 F - a wand of mindburst (4)
Scrolls
 d - a scroll of vulnerability
 f - a scroll of noise
 g - a scroll of amnesia
 j - 2 scrolls of identify
 u - a scroll of immolation
 v - 2 scrolls of revelation
 y - a scroll of fog
Potions
 b - 4 potions of enlightenment
 c - a potion of might
 k - a potion of lignification
 o - a potion of attraction
 w - 2 potions of degeneration


   Skills:
 + Level 9.5 Fighting
 + Level 14.7 Ranged Weapons
 + Level 4.3 Armour
 + Level 3.2 Dodging
 + Level 1.8 Stealth


You had 11 spell levels left.
You didn't know any spells.
Your spell library contained the following spells:

 Spells                   Type           Power      Damage    Failure   Level
 Apportation              Tloc           0%         N/A       56%         1
 Freeze                   Ice            0%         1d3       56%         1
 Magic Dart               Conj           0%         1d3       56%         1
 Jinxbite                 Hex            0%         N/A       71%         2
 Searing Ray              Conj           0%         2d4       71%         2
 Frozen Ramparts          Ice            0%         1d1       91%         3
 Hailstorm                Conj/Ice       0%         3d5       91%         3
 Fulminant Prism          Conj/Alch      0%         3d5       100%        4
 Passage of Golubria      Tloc           0%         N/A       100%        4
 Alistair's Intoxication  Alch           0%         N/A       100%        5
 Silence                  Hex/Air        0%         N/A       100%        5
 Lehudib's Crystal Spear  Conj/Erth      0%         10d2      100%        8


Dungeon Overview and Level Annotations

Branches:
Dungeon (12/15)            Temple (1/1) D:5            Lair (0/5) D:10
    Orc (0/2) D:11         Bailey (visited)

Altars:
Ashenzari
Cheibriados
Dithmenos
Fedhas
Gozag
Hepliaklqana
Kikubaaqudgha
Makhleb
Nemelex Xobeh
Okawaru
Qazlal
Ru
Sif Muna
Trog
Uskayaw
Vehumet
Wu Jian
Xom
Yredelemnul
Zin
The Shining One
Lugonu

Shops:
D:4 *

Annotations:
D:3 1 runed translucent door, Crazy Yiuf
D:8 Joseph
D:9 2 transporters, exclusion: ice statue, znke's ghost, novice OpSh


Innate Abilities, Weirdness & Mutations

You can wield a second weapon in your off-hand.
It takes a long time for you to wield or remove held weapons.
Your first few attacks do less damage.
You cannot equip rings or amulets.
You are partially covered in iridescent scales. (AC +2)
You sometimes lose your temper in combat.


Message History

Unknown command.
The very large slime creature is no longer paralysed.
You shoot a sling bullet.
The sling bullet completely misses the very large slime creature.
You shoot a slug.
The slug hits the very large slime creature but does no damage.
The very large slime creature is moderately wounded.
Uskayaw prepares the audience for your solo!
You shoot a sling bullet.
The sling bullet hits the very large slime creature.
The very large slime creature is moderately wounded.
You shoot a slug.
The slug hits the very large slime creature.
The slug freezes the very large slime creature.
The very large slime creature is moderately wounded.
The very large slime creature is no longer paralysed.
You shoot a slug.
The slug hits the very large slime creature.
The slug freezes the very large slime creature.
The very large slime creature is moderately wounded.
You shoot a sling bullet.
The sling bullet hits the very large slime creature!
The very large slime creature is moderately wounded.
The very large slime creature hits you!!!
Ouch! That really hurt!
Okay, then.
You feel much better.
The very large slime creature hits you!!!
The very large slime creature attacks as it pursues you!
The very large slime creature hits you!!
* * * LOW HITPOINT WARNING * * *
Okay, then.
This is a scroll of acquirement!
Something appears at your feet!
A very large slime creature splits.
The large slime creature attacks as it pursues you!
The large slime creature hits you but does no damage.
The large slime creature attacks as it pursues you!
The large slime creature hits you!!
You die...
Your body falls in perfect tune with the rhythm.

#.# #####)#### #...# #.# #.#
###.. #)# #.## ######### ... #..#
#........ .). #######.##
#........ ..... #........#
#........ ......#
#........#####........
........####..J..........).......
#......$.J@...#####........
######........# #........
#........# #........ #........#
#........ ##.####### #######.)
#.. ..# #### .... ..... ......


You could see a large slime creature and a slime creature.

Vanquished Creatures
  Harold (D:9)
  A two-headed ogre (D:11)
  An ugly thing (D:12)
  A manticore (D:11)
  Maggie (D:8)
  A komodo dragon (D:10)
  5 kobold demonologists
  2 trolls
  Sigmund (D:6)
  2 slime creatures (D:12)
  2 shadows
  2 wraiths
  A wyvern (D:10)
  20 yaks
  A basilisk (D:10)
  6 humans (D:7)
  Eustachio (D:6)
  4 vampire mosquitoes (D:10)
  2 water moccasins
  Duvessa (D:4)
  An ice beast (D:8)
  2 black bears
  13 orc warriors
  A sky beast (D:5)
  An ogre (D:4)
  A centaur (D:9)
  3 kobold brigands
  4 bullfrogs
  2 scorpions
  3 wights (D:7)
  Dowan (D:4)
  4 killer bees (D:8)
  A jelly (D:8)
  4 hounds
  8 orc priests
  An iguana (D:4)
  6 orc wizards
  7 gnolls
  7 adders
  4 ufetubi
  4 dart slugs
  4 ribbon worms
  26 orcs
  7 bats
  8 endoplasms
  3 giant cockroaches
  4 goblins
  10 hobgoblins
  4 jackals (D:5)
  5 quokkas
  3 ball pythons
  3 frilled lizards
  25 kobolds
  5 rats
241 creatures vanquished.

Notes
Turn   | Place    | Note
-------+----------+-------------------------------------------
     0 | D:1      | PidgeyThePirate the Coglin Hunter began the quest for the
                  | Orb.
     0 | D:1      | Reached XP level 1. HP: 16/16 MP: 1/1
   224 | D:1      | Reached XP level 2. HP: 22/22 MP: 2/2
   227 | D:1      | Reached skill level 4 in Ranged Weapons
   690 | D:1      | Reached XP level 3. HP: 27/27 MP: 3/3
  1004 | D:2      | Reached XP level 4. HP: 34/34 MP: 4/4
  1044 | D:2      | Reached skill level 5 in Ranged Weapons
  1386 | D:3      | Noticed a scorpion
  1387 | D:3      | Reached XP level 5. HP: 39/39 MP: 5/5
  1815 | D:3      | Found a runed translucent door.
  1816 | D:3      | Noticed Crazy Yiuf
  2308 | D:4      | Noticed an ogre
  2313 | D:4      | Killed an ogre
  2314 | D:4      | Reached skill level 6 in Ranged Weapons
  2314 | D:4      | Reached XP level 6. HP: 47/47 MP: 6/6
  2350 | D:4      | Reached skill level 1 in Armour
  2350 | D:4      | Reached skill level 1 in Stealth
  2503 | D:4      | Noticed Duvessa
  2503 | D:4      | Noticed Dowan
  2535 | D:4      | Killed Duvessa
  2538 | D:4      | Killed Dowan
  2539 | D:4      | Reached XP level 7. HP: 32/52 MP: 7/7
  2760 | D:4      | Found a glowing golden altar of the Shining One.
  2831 | D:4      | Found Ea-nāṣir's Fine Metal Goods.
  2835 | D:4      | Bought a hand cannon for 87 gold pieces
  3171 | D:5      | Entered Level 5 of the Dungeon
  3226 | D:5      | Found a radiant altar of Vehumet.
  3349 | D:5      | Reached skill level 7 in Ranged Weapons
  3499 | D:5      | Found a staircase to the Ecumenical Temple.
  3518 | Temple   | Entered the Ecumenical Temple
  3536 | Temple   | Became a worshipper of Uskayaw the Reveller
  3567 | D:5      | Reached * piety under Uskayaw
  3569 | D:5      | Reached ** piety under Uskayaw
  3639 | D:6      | Noticed Sigmund
  3643 | D:6      | Reached *** piety under Uskayaw
  3646 | D:6      | Reached **** piety under Uskayaw
  3647 | D:6      | Killed Sigmund
  3648 | D:6      | Reached XP level 8. HP: 37/60 MP: 8/8
  3661 | D:5      | Reached skill level 8 in Ranged Weapons
  4169 | D:6      | Noticed a shadow
  4193 | D:6      | Killed a shadow
  4346 | D:6      | Noticed Eustachio
  4366 | D:6      | Killed Eustachio
  4367 | D:6      | Reached skill level 9 in Ranged Weapons
  5208 | D:7      | Reached XP level 9. HP: 67/67 MP: 9/9
  5234 | D:7      | Reached skill level 5 in Fighting
  5859 | D:7      | Reached skill level 10 in Ranged Weapons
  5953 | D:7      | Reached ***** piety under Uskayaw
  6285 | D:8      | Noticed Maggie
  6298 | D:8      | Killed Maggie
  6299 | D:8      | Reached skill level 11 in Ranged Weapons
  6340 | D:8      | Noticed a kobold demonologist
  6343 | D:8      | Noticed a kobold demonologist
  6353 | D:8      | Noticed a sun demon
  6353 | D:8      | Killed a kobold demonologist
  6354 | D:8      | Reached XP level 10. HP: 77/77 MP: 10/10
  6569 | D:8      | Killed a kobold demonologist
  6665 | D:8      | Reached ****** piety under Uskayaw
  7317 | D:8      | Noticed Joseph
  7555 | D:8      | Gained mutation: You sometimes lose your temper in combat.
                  | [potion of mutation]
  7555 | D:8      | Gained mutation: You are partially covered in iridescent
                  | scales. (AC +2) [potion of mutation]
  7785 | D:9      | Noticed Harold
  7787 | D:9      | Reached skill level 12 in Ranged Weapons
  7806 | D:9      | Killed Harold
  8142 | D:9      | Noticed an ice statue
  8143 | D:9      | Found a transporter.
  8164 | D:9      | Found a transporter.
  8325 | D:9      | Noticed znke's ghost (novice OpSh)
  8375 | D:9      | You fall into a shaft and drop 1 floor!
  8375 | D:10     | Entered Level 10 of the Dungeon
  8424 | D:10     | Noticed a kobold demonologist
  8441 | D:10     | Found a flagged portal.
  8451 | Bailey   | Entered a bailey
  8557 | Bailey   | Identified the +1 mace "Lues" {freeze, rElec Str+3}
  9109 | D:10     | Noticed a kobold demonologist
  9118 | D:10     | Killed a kobold demonologist
  9119 | D:10     | Reached XP level 11. HP: 86/86 MP: 11/11
  9128 | D:10     | Reached skill level 13 in Ranged Weapons
  9283 | D:10     | Found a corrupted altar of Lugonu.
  9535 | D:10     | Found a staircase to the Lair.
 10160 | D:11     | Noticed a two-headed ogre
 10164 | D:11     | Killed a two-headed ogre
 10165 | D:11     | Reached skill level 14 in Ranged Weapons
 10176 | D:11     | Noticed a manticore
 10183 | D:11     | Killed a manticore
 10668 | D:11     | Found a staircase to the Orcish Mines.
 11312 | D:12     | Identified the +5 long sword of Mourning {drain, rElec
                  | Str+2}
 11367 | D:12     | Reached XP level 12. HP: 95/95 MP: 12/12
 11586 | D:12     | Identified a scroll of acquirement
 11586 | D:12     | Acquired 508 gold pieces
 11589 | D:12     | Slain by a large slime creature

Illustrated notes

Levels and vault maps discovered:
D:1:      giann_bridges, layout_basic, chequers_serial_rivers_micro_c
D:2:      layout_rooms
D:3:      layout_basic, uniq_crazy_yiuf_cottage
D:4:      layout_loops_ring, nicolae_tso_swordbearing_angel,
          minmay_misc_feat_roman, nicolae_ea-nasir_strikes_again, uniq_duvessa
D:5:      layout_rooms, nicolae_vehumet_radiance,
          minmay_temple_entry_drinking_statues
D:6:      layout_basic, corexii_corridor_pit, uniq_eustachio, uniq_sigmund
D:7:      layout_cave_pods, serial_column_ruins, column_ruins_hut,
          column_ruins_columns_straight, column_ruins_open_tiny,
          column_ruins_open_small, column_ruins_corridor_corner,
          column_ruins_open_tiny, minmay_ruffians
D:8:      layout_basic, uniq_joseph, uniq_maggie, uniq_psyche
D:9:      layout_basic, nicolae_elyvilon_temple_path, nzn_ghost_randoct,
          uniq_harold, uniq_prince_ribbit1
D:10:     kennysheep_kobold_lugonu_temple, layout_gridville,
          david_lair_shrubbed, enter_bailey_2
D:11:     layout_loops_corners, orc_0_dummy
D:12:     layout_roguey, serial_shops, nicolae_shop_bloodbath_and_beyond
Temple:   hellmonk_temple_of_storms

Skill      XL: |  1  2  3  4  5  6  7  8  9 10 11 |
---------------+----------------------------------+-----
Ranged Weapons | 4 5 6 7 9 11 12 14 | 14.7
Fighting       | 3 4 6 7 9 |  9.5
Armour         | 1 2 3 4 |  4.3
Stealth        | 1 |  1.8
Dodging        | 2 3 |  3.2

Action                     |  1- 3 |  4- 6 |  7- 9 | 10-12 || total
---------------------------+-------+-------+-------+-------++-------
   Fire: Sling             |   148 |   238 |   488 |   514 ||  1388
         Hand cannon       |       |       |       |   224 ||   224
 Invoke: Stomp             |       |       |     2 |     3 ||     5
         Line Pass         |       |       |     1 |       ||     1
    Use: Scroll            |       |     2 |     6 |    19 ||    27
         Potion            |       |     1 |     6 |    11 ||    18
 Armour: Leather armour    |     8 |    27 |    85 |       ||   120
         Swamp dragon scal |       |       |     4 |   173 ||   177
         Skin              |       |       |       |     1 ||     1
  Dodge: Dodged            |    10 |    24 |    62 |    96 ||   192

Table legend: (Time is in decaauts)
 A = Elapsed time spent in this place.
 B = Non-inter-level travel time spent in this place.
 C = Inter-level travel time spent in this place.
 D = Time resting spent in this place.
 E = Time spent auto-exploring this place.
 F = Levels seen in this place.
 G = Mean time per level.
                   A        B        C        D        E       F      G
               +--------+--------+--------+--------+--------+-----+--------+
         Total |  11579 |  11297 |    282 |      0 |   9237 |  14 |  827.1 |
       Dungeon |  11043 |  10770 |    273 |      0 |   8991 |  12 |  920.2 |
        Temple |     28 |     19 |      9 |      0 |      0 |   1 |   28.0 |
        Bailey |    507 |    507 |      0 |      0 |    246 |   1 |  507.0 |
               +--------+--------+--------+--------+--------+-----+--------+

Top non-repeatable levels by time:
     D:7: 1517 daAuts
    D:10: 1254 daAuts
    D:11: 1170 daAuts
     D:8: 1154 daAuts
     D:6: 1152 daAuts
     D:4: 985 daAuts
     D:1: 853 daAuts
     D:3: 798 daAuts
     D:9: 745 daAuts
     D:5: 553 daAuts
     D:2: 550 daAuts
  Bailey: 507 daAuts
    D:12: 307 daAuts
  Temple: 28 daAuts
